 Dungeon Crawl Stone Soup version 0.29-a0-973-gac7da5f7f0 (webtiles) character file.

Game seed: 2661219020401439780

1323 purpskrrrp the Grappler (level 8, -1/67 HPs)
             Began as a Ghoul Fighter on Aug 1, 2022.
             Was a Believer of Okawaru.
             Slain by a killer bee (7 damage)
             ... on level 6 of the Dungeon.
             The game lasted 00:17:55 (6085 turns).

purpskrrrp the Grappler (Ghoul Fighter)             Turns: 6085, Time: 00:17:56

Health: -1/67      AC: 12    Str: 22    XL:     8   Next: 59%
Magic:  7/7        EV: 10    Int:  3    God:    Okawaru [**....]
Gold:   226        SH:  0    Dex:  8    Spells: 7/7 levels left

rFire   . . .      SeeInvis .     - Unarmed
rCold   + . .      Faith    .   (no shield)
rNeg    + + +      Spirit   .   n - +5 ring mail "Ethoif" {rElec Will+}
rPois   ∞          Reflect  .   r - +0 helmet
rElec   +          Harm     .   (no cloak)
rCorr   .          Rampage  .   (no gloves)
Will    +....                   (no boots)
Stlth   +.........              (no amulet)
HPRegen 0.00/turn               p - ring of flight
MPRegen 0.10/turn               (no ring)

@: flying, inhibited regen
A: claws 1, cold resistance 1, negative energy resistance 3, inhibited
regeneration, torment resistance 2, devour on kill
a: Renounce Religion, Heroism


You were on level 6 of the Dungeon.
You worshipped Okawaru.
Okawaru was pleased with you.
You visited 1 branch of the dungeon, and saw 6 of its levels.

You collected 226 gold pieces.

Inventory:

Missiles
 d - 5 curare-tipped darts (quivered)
 l - 8 poisoned darts
Armour
 a - a +0 scale mail
 b - a +0 buckler
 e - a +0 plate armour
 n - the +5 ring mail "Ethoif" (worn) {rElec Will+}
   (You found it on level 3 of the Dungeon)

   rElec:     It insulates you from electricity.
   Will:      It increases your willpower.
 r - a +0 helmet (worn)
Jewellery
 p - a ring of flight (left claw)
Wands
 o - a wand of charming (10)
Scrolls
 c - 4 scrolls of teleportation
Potions
 f - a potion of mutation
 g - 4 potions of curing
 h - a potion of flight
 i - 6 potions of heal wounds
 j - a potion of degeneration {unknown}
 k - a potion of cancellation {unknown}
 q - a potion of lignification {unknown}


   Skills:
 + Level 4.9 Fighting
 + Level 4.8 Armour
 + Level 2.1 Stealth
 - Level 2.6 Shields
 * Level 9.4 Unarmed Combat


You had 7 spell levels left.
You didn't know any spells.
Your spell library contained the following spells:

 Spells                   Type           Power      Damage    Failure   Level
 Sting                    Tmut/Pois      0%         1d3       67%         1
 Poisonous Vapours        Pois/Air       0%         N/A       82%         2
 Portal Projectile        Hex/Tloc       0%         N/A       96%         3
 Olgreb's Toxic Radiance  Pois           0%         N/A       100%        4
 Tukima's Dance           Hex            Unusable   N/A       N/A         3
 Animate Dead             Necr           Unusable   N/A       N/A         4
 Blade Hands              Tmut           Unusable   N/A       N/A         5
 Haunt                    Necr/Summ      Unusable   N/A       N/A         7
 Infestation              Necr           Unusable   N/A       N/A         8

Dungeon Overview and Level Annotations

Branches:
Dungeon (6/15)
 Temple: D:4-7

Altars:
Okawaru
Trog
Vehumet

Shops:
D:1 =   D:2 *   D:6 *


Innate Abilities, Weirdness & Mutations

You are immune to poison.
You have sharp fingernails.
Your flesh is cold resistant. (rC+)
You are immune to negative energy. (rN+++)
You do not regenerate when monsters are visible.
You are immune to unholy pain and torment.
You thrive by killing the living.


Message History

The killer bee is moderately wounded.
The killer bee stings you but does no damage.
You miss the killer bee. The killer bee completely misses you.
The killer bee stings you but does no damage.
You closely miss the killer bee.
The killer bee is moderately wounded.
The killer bee stings you. The killer bee stings you!
* * * LOW HITPOINT WARNING * * *
The killer bee closely misses you. x2
The killer bee stings you but does no damage.
The killer bee barely misses you. The killer bee closely misses you.
The killer bee stings you.
* * * LOW HITPOINT WARNING * * *
You claw the killer bee!
You kill the killer bee!
Okawaru accepts your kill.
The killer bee stings you but does no damage.
The killer bee stings you.
* * * LOW HITPOINT WARNING * * *
The killer bee stings you but does no damage. x2
The killer bee barely misses you. x2
The killer bee stings you but does no damage.
The killer bee barely misses you. The killer bee closely misses you.
The killer bee barely misses you. The killer bee closely misses you.
You see here a killer bee corpse.
The killer bee attacks as you move away!
The killer bee stings you but does no damage.
The killer bee attacks as you move away!
The killer bee barely misses you. The killer bee closely misses you.
The killer bee barely misses you.
The killer bee attacks as you move away!
The killer bee stings you.
* * * LOW HITPOINT WARNING * * *
The killer bee closely misses you. The killer bee closely misses you.
The killer bee stings you but does no damage.
The killer bee stings you.
* * * LOW HITPOINT WARNING * * *
The killer bee stings you!
You die...

#.. ... ..#### #.#
....# #.# #††.# #.#
####.#.## #.#
#?.?....## #.#
#..#†#†..# #<#
#.#...#.y#########.#
#...∩...yy@..))....#
#..#...#..###########
#...#.#...#
#....$....#
#.........#
###########


You could see 3 killer bees.

Vanquished Creatures
  Eustachio (D:6)
  2 orc warriors (D:6)
  A water moccasin (D:5)
  An ogre (D:5)
  A bullfrog (D:6)
  A scorpion (D:6)
  3 killer bees (D:6)
  4 hounds (D:5)
  3 orc priests
  2 gnoll boudas (D:5)
  An iguana (D:4)
  2 orc wizards
  8 gnolls
  6 adders
  A shadow imp (D:5)
  A worm (D:3)
  2 dart slugs
  15 orcs
  5 endoplasms
  3 giant cockroaches
  4 goblins
  5 hobgoblins
  6 jackals
  3 quokkas
  3 ball pythons
  A bat (D:1)
  4 frilled lizards
  2 kobolds
  5 rats
96 creatures vanquished.

Notes
Turn   | Place    | Note
-------+----------+-------------------------------------------
     0 | D:1      | purpskrrrp the Ghoul Fighter began the quest for the Orb.
     0 | D:1      | Reached XP level 1. HP: 19/19 MP: 0/0
   613 | D:1      | Found Derizen's One-of-a-Kind Rings.
   801 | D:1      | Reached XP level 2. HP: 24/27 MP: 1/1
   976 | D:1      | Found a faded altar of an unknown god.
   984 | D:1      | Prayed at the altar of an unknown god.
   984 | D:1      | Became a worshipper of Vehumet
   984 | D:1      | Reached * piety under Vehumet
   984 | D:1      | Offered knowledge of Sandblast by Vehumet.
   985 | D:1      | Fell from the grace of Vehumet
  1293 | D:2      | Reached skill level 3 in Unarmed Combat
  1293 | D:2      | Reached XP level 3. HP: 18/33 MP: 2/2
  1515 | D:2      | Found Oreaded's Assorted Antiques.
  2184 | D:3      | Reached skill level 1 in Stealth
  2206 | D:3      | Identified the +1 whip of the Charming Ass {vorpal, rElec}
  2233 | D:3      | Reached XP level 4. HP: 40/40 MP: 3/3
  2404 | D:3      | Identified the +5 ring mail "Ethoif" {rElec Will+}
  2468 | D:3      | Reached skill level 4 in Unarmed Combat
  3082 | D:4      | Reached XP level 5. HP: 44/46 MP: 4/4
  3692 | D:5      | Entered Level 5 of the Dungeon
  3718 | D:5      | Reached skill level 5 in Unarmed Combat
  4028 | D:5      | Found an iron altar of Okawaru.
  4064 | D:5      | Noticed a water moccasin
  4072 | D:5      | Killed a water moccasin
  4073 | D:5      | Reached XP level 6. HP: 44/52 MP: 5/5
  4085 | D:5      | Became a worshipper of Warmaster Okawaru
  4193 | D:5      | Reached skill level 6 in Unarmed Combat
  4213 | D:5      | Reached XP level 7. HP: 38/59 MP: 6/6
  4546 | D:5      | Reached skill level 7 in Unarmed Combat
  4644 | D:5      | Found a bloodstained altar of Trog.
  4744 | D:6      | Noticed Eustachio
  4753 | D:6      | Reached * piety under Okawaru
  5381 | D:6      | Killed Eustachio
  5382 | D:6      | Reached skill level 8 in Unarmed Combat
  5382 | D:6      | Reached XP level 8. HP: 29/67 MP: 7/7
  6039 | D:6      | Found Jomuimp's Overcharged Wands.
  6053 | D:6      | Reached skill level 9 in Unarmed Combat
  6058 | D:6      | Reached ** piety under Okawaru
  6085 | D:6      | Slain by a killer bee

Illustrated notes

Levels and vault maps discovered:
D:1:      psy_arrival_radial01, layout_loops_corners,
          dilly_ecumenical_altar_fadedgnrine, nicolae_shop_unique_rings
D:2:      layout_loops_ring, serial_shops, nicolae_shop_window_shopping
D:3:      layout_basic, chequers_jeans, kennysheep_doodads
D:4:      layout_basic
D:5:      layout_basic, okawaru_metal_pillars_3, kennysheep_mini_moat
D:6:      layout_loops_ring, chequers_temple_overflow_minitemple,
          nicolae_shop_overcharged_wands, uniq_eustachio

Skill      XL: |  1  2  3  4  5  6  7  8 |
---------------+-------------------------+-----
Unarmed Combat | 3 4 5 6 8 9 |  9.4
Fighting       | 4 |  4.9
Stealth        | 1 2 |  2.1
Armour         | 3 4 |  4.8
Shields        | |  2.6

Action                   |  1- 3 |  4- 6 |  7- 9 || total
-------------------------+-------+-------+-------++-------
Melee: Unarmed           |   107 |   157 |   166 ||   430
       Punch             |     1 |     4 |     7 ||    12
Throw: Dart              |       |       |     2 ||     2
Invok: Renounce Religion |     1 |       |       ||     1
  Use: Scroll            |     5 |     3 |     2 ||    10
       Potion            |     1 |       |       ||     1
Armor: Scale mail        |    40 |     3 |       ||    43
       Ring mail         |       |    62 |   112 ||   174
Dodge: Dodged            |    46 |    68 |   141 ||   255

Table legend: (Time is in decaauts)
 A = Elapsed time spent in this place.
 B = Non-inter-level travel time spent in this place.
 C = Inter-level travel time spent in this place.
 D = Time resting spent in this place.
 E = Time spent auto-exploring this place.
 F = Levels seen in this place.
 G = Mean time per level.
                   A        B        C        D        E       F      G
               +--------+--------+--------+--------+--------+-----+--------+
         Total |   6058 |   5835 |    223 |   1078 |   3791 |   6 | 1009.7 |
       Dungeon |   6058 |   5835 |    223 |   1078 |   3791 |   6 | 1009.7 |
               +--------+--------+--------+--------+--------+-----+--------+

Top non-repeatable levels by time:
     D:5: 2166 daAuts
     D:1: 1030 daAuts
     D:3: 969 daAuts
     D:4: 876 daAuts
     D:2: 814 daAuts
     D:6: 202 daAuts
